 Dungeon Crawl Stone Soup version 0.32-a0-290-g598725c5f2 (webtiles) character file.

Game seed: 6702580894104869052

44 Dittersdorf the Trooper (level 3, -2/24 HPs)
             Began as a Gargoyle Fighter on Feb 13, 2024.
             Killed from afar by Sigmund (7 damage)
             ... with a magic dart
             ... on level 2 of the Dungeon.
             The game lasted 00:01:35 (1772 turns).

Dittersdorf the Trooper (Gargoyle Fighter)          Turns: 1772, Time: 00:01:36

Health: -2/24      AC: 12    Str: 21    XL:     3   Next: 60%
Magic:  3/3        EV:  9    Int:  8    God:
Gold:   89         SH:  4    Dex:  9    Spells: 2/2 levels left

rFire   . . .        a - +0 flail
rCold   . . .        c - +0 buckler
rNeg    + . .        b - +0 scale mail
rPois   ∞            e - +0 helmet
rElec   +            (no cloak)
rCorr   .            (no gloves)
SInv    .            q - +0 pair of boots
Will    .....        (no amulet) Stlth
                     (no ring)
HPRegen 0.24/turn    (no ring)
MPRegen 0.08/turn

%: no passive effects
@: no status effects
A: sickness immunity, AC +3, negative energy resistance 1, electricity
resistance, torment resistance 1, petrification resistance
a: no special abilities


You were on level 2 of the Dungeon.
You visited 1 branch of the dungeon, and saw 2 of its levels.

You collected 89 gold pieces.

Inventory:

Hand Weapons
 a - a +0 flail (weapon)
Missiles
 h - 7 poisoned darts (quivered)
Armour
 b - a +0 scale mail (worn)
 c - a +0 buckler (worn)
 e - a +0 helmet (worn)
 q - a +0 pair of boots (worn)
 r - a +0 plate armour
Scrolls
 f - 2 scrolls of immolation {unknown}
 g - a scroll of identify {unknown}
 i - a scroll of enchant armour {unknown}
 n - 2 scrolls of fog {unknown}
 p - 2 scrolls of teleportation {unknown}
Potions
 d - a potion of might
 j - a potion of degeneration {unknown}
 k - a potion of enlightenment {unknown}
 l - a potion of curing {unknown}
 m - a potion of attraction {unknown}
 o - a potion of berserk rage {unknown}


   Skills:
 + Level 3.8 Fighting
 + Level 2.5 Maces & Flails
 + Level 3.7 Armour
 + Level 3.7 Shields


You had 2 spell levels left.
You didn't know any spells.
Your spell library contained the following spells:

 Spells                   Type           Power      Damage    Failure   Level
 Blink                    Tloc           0%         N/A       91%         2
 Lesser Beckoning         Tloc           0%         N/A       91%         2
 Momentum Strike          Conj/Tloc      0%         3d8       91%         2
 Gell's Gravitas          Tloc           0%         N/A       99%         3
 Teleport Other           Tloc           0%         N/A       99%         3


Dungeon Overview and Level Annotations

Branches:
Dungeon (2/15)

Altars:

Annotations:
D:2 Sigmund


Innate Abilities, Weirdness & Mutations

You are immune to sickness and miasma.
Your stone body is resilient. (AC +3)
You are immune to poison.
You resist negative energy. (rN+)
You are resistant to electric shocks. (rElec)
You are resistant to unholy torment.
You are immune to petrification.


Message History

You miss something. Something hits you.
You barely miss something. Something hits you but does no damage.
You miss something. You closely miss something. Something hits you.
You barely miss something. Something hits you but does no damage.
You completely miss something. Something hits you.
You miss something. Something hits you but does no damage.
You miss something. You block something's attack.
You miss something. Something hits you.
You barely miss something. You miss something.
Something hits you but does no damage.
You closely miss something. Something hits you.
You closely miss something. Something hits you but does no damage.
You miss something. Something hits you but does no damage.
You closely miss something.
You hear some strange, mumbled words.
Something tries to affect you, but you resist.
You closely miss something. Something hits you.
You miss something. Something hits you.
You closely miss something. Something hits you but does no damage.
You closely miss something. Something hits you but does no damage.
You completely miss something. You closely miss something.
You hear some strange, mumbled words.
A puff of flame appears from out of thin air!
The puff of flame hits you!
* * * LOW HITPOINT WARNING * * *
Something hits you.
* * * LOW HITPOINT WARNING * * *
You closely miss something. You closely miss something.
Something hits you but does no damage.
You closely miss something.
Sigmund appears from thin air!
Reactivating autopickup.
Sigmund barely misses you.
You thump Sigmund!
Sigmund is moderately wounded.
Sigmund points at you and mumbles some strange words.
The magic dart hits you!
You die...
Sigmund begins carving another notch in his scythe.

..#* ####.##
*,*,,,* ..,* #..#
*,*,*,* ..,#**
##.# *,*,,,*
.,,.(##**#.#######
*,*,,,*
,**.....*#>##..<.#
*,*,,,*
****#....#.##....#
*÷*,,,** *
*#...........#
*,*,,,,* *
#####.......#
*,*,,*,* **
###....@#**,*,,*,*
,*
#.....@#,,,,,*,*
,*
#.........,*,*,*
,*
##.........#,*,*
,* #....#...##,*,*
,****
#######..#*,,,*
,,,,* *....,,,*
***,* *..#.,****
*,,,* *,,*,,,,,*


You could see Sigmund.

Vanquished Creatures
  A ribbon worm (D:2)
  2 ball pythons (D:2)
  4 bats (D:1)
  5 endoplasms
  A giant cockroach (D:1)
  2 goblins (D:2)
  A hobgoblin (D:2)
  2 kobolds
  2 quokkas
  2 rats (D:1)
22 creatures vanquished.

Notes
Turn   | Place    | Note
-------+----------+-------------------------------------------
     0 | D:1      | Dittersdorf the Gargoyle Fighter began the quest for the
                  | Orb.
     0 | D:1      | Reached XP level 1. HP: 14/14 MP: 1/1
    88 | D:1      | Reached XP level 2. HP: 10/19 MP: 2/2
   540 | D:1      | Found a faded altar of an unknown god.
   995 | D:2      | Reached XP level 3. HP: 24/24 MP: 3/3
  1236 | D:2      | Noticed Sigmund
  1772 | D:2      | Killed from afar by Sigmund

Illustrated notes

Levels and vault maps discovered:
D:1:      pf_arrival_petrified_forest, layout_basic,
          nicolae_ecumenical_lake_church, minmay_misc_feat_doors,
          chequers_mini_garden, minmay_misc_feat_tower
D:2:      layout_rooms, bh_walls_and_bars, uniq_sigmund

Action                     || total
---------------------------++-------
  Melee: Flail             ||    95
 Armour: Scale mail        ||    64
  Dodge: Dodged            ||    35
  Block: Buckler           ||    23

Table legend: (Time is in decaauts)
 A = Elapsed time spent in this place.
 B = Non-inter-level travel time spent in this place.
 C = Inter-level travel time spent in this place.
 D = Time resting spent in this place.
 E = Time spent auto-exploring this place.
 F = Levels seen in this place.
 G = Mean time per level.
                   A        B        C        D        E       F      G
               +--------+--------+--------+--------+--------+-----+--------+
         Total |   1802 |   1685 |    117 |     39 |   1343 |   2 |  901.0 |
       Dungeon |   1802 |   1685 |    117 |     39 |   1343 |   2 |  901.0 |
               +--------+--------+--------+--------+--------+-----+--------+

Top non-repeatable levels by time:
     D:1: 1083 daAuts
     D:2: 719 daAuts
